 Dungeon Crawl Stone Soup version 0.30-a0-272-gf98c3da03f (webtiles) character file.

Game seed: 11293920309967501936

1136 qw the Trooper (level 8, -2/53 HPs)
             Began as a Gargoyle Fighter on Oct 15, 2022.
             Slain by a killer bee (3 damage)
             ... on level 5 of the Dungeon.
             The game lasted 00:01:30 (3999 turns).

qw the Trooper (Gargoyle Fighter)                   Turns: 3999, Time: 00:01:31

Health: -2/53      AC: 16    Str: 23      XL:     8   Next: 36%
Magic:  8/8        EV: 15    Int:  7 (8)  God:
Gold:   246        SH:  4    Dex:  7 (9)  Spells: 7/7 levels left

rFire   . . .      SeeInvis .    Y - +0 war axe
rCold   + . .      Faith    .    c - +0 buckler
rNeg    + . .      Spirit   .    n - +2 ring mail {Will+}
rPois   inf        Reflect  .    b - +2 helmet
rElec   +          Harm     .    (no cloak)
rCorr   .          Rampage  .    (no gloves)
Will    +....                    (no boots)
Stlth   ..........               (no amulet)
HPRegen 0.28/turn                f - ring of protection from cold
MPRegen 0.11/turn                k - +4 ring of evasion

@: no status effects
A: sickness immunity, AC +5, negative energy resistance 1, electricity
resistance, torment resistance 1, petrification resistance
a: no special abilities


You were on level 5 of the Dungeon.
You visited 1 branch of the dungeon, and saw 5 of its levels.

You collected 246 gold pieces.


Innate Abilities, Weirdness & Mutations

You are immune to sickness and miasma.
Your stone body is resilient. (AC +5)
You are immune to poison.
You resist negative energy. (rN+)
You are resistant to electric shocks. (rElec)
You are resistant to unholy torment.
You are immune to petrification.


   Skills:
 - Level 7.2 Fighting
 + Level 6.1 Axes
 - Level 3.2 Armour
 - Level 3.1 Dodging
 - Level 3.2 Shields


You had 7 spell levels left.
You didn't know any spells.
Your spell library was empty.

Inventory:

Hand Weapons
 s - a +0 whip of flaming
 Y - a +0 war axe (weapon)
Armour
 b - a +2 helmet (worn)
 c - a +0 buckler (worn)
 g - a +0 pair of boots
 n - a +2 ring mail of willpower (worn)
Jewellery
 f - a ring of protection from cold (left hand)
 k - a +4 ring of evasion (right hand)
 q - a ring of ice
Scrolls
 a - a scroll of identify
Potions
 d - a potion of might
 e - 3 potions of curing
 h - a potion of brilliance {unknown}
 i - a potion of invisibility {unknown}
 j - a potion of mutation {unknown}
 l - 2 potions of attraction {unknown}
 m - 2 potions of lignification
 p - a potion of magic {unknown}
 r - a potion of heal wounds {unknown}

Dungeon Overview and Level Annotations

Branches:
Dungeon (5/15)
 Temple: D:4-7

Altars:
Nemelex Xobeh
Uskayaw
Yredelemnul

Annotations:
D:3 1 runed translucent door, Crazy Yiuf


Message History

The killer bee stings you. The killer bee closely misses you.
You block the killer bee's attack. The killer bee completely misses you.
The killer bee barely misses you.
You miss the killer bee.
The killer bee is almost dead.
You miss the killer bee. You closely miss the killer bee.
The killer bee completely misses you. The killer bee barely misses you. x2
You block the killer bee's attack. The killer bee barely misses you.
The killer bee stings you but does no damage.
You closely miss the killer bee.
The killer bee is almost dead.
You hit the killer bee. You closely miss the killer bee.
You block the killer bee's attack. The killer bee completely misses you.
The killer bee stings you but does no damage.
You block the killer bee's attack. The killer bee closely misses you.
The killer bee misses you. x2; The killer bee stings you.
The killer bee misses you.
You slash the killer bee!
You kill the killer bee!
You miss the killer bee. You closely miss the killer bee.
The killer bee stings you but does no damage.
The killer bee closely misses you. You block the killer bee's attack.
The killer bee barely misses you. The killer bee misses you.
You feel your strength returning.
Your Axes skill increases to level 6!
You miss the killer bee.
The killer bee is severely wounded.
You barely miss the killer bee. You miss the killer bee.
The killer bee stings you but does no damage.
The killer bee stings you!
The killer bee stings you but does no damage. x2
The killer bee barely misses you.
The killer bee stings you but does no damage.
The killer bee completely misses you. The killer bee misses you.
The killer bee stings you but does no damage.
You barely miss the killer bee.
The killer bee is severely wounded.
You miss the killer bee. You hit the killer bee. The killer bee stings you.
You die...

###..# .## ..... ..
### #...# ..### #.#
#...# ....
#####.######...###..#
....................#
#####.#######%.##y!.#
#...........@yD.#
#.########.##y..#
#####.# ....#...#
......# #........#
####### #..........
#####....... .......#
#.#.####


You could see an acid dragon and 3 killer bees.

Vanquished Creatures
  Pikel (D:4)
  Grinder (D:3)
  2 scorpions
  2 killer bees (D:5)
  Natasha (thrice) (D:2)
  Terence (D:3)
  2 iguanas
  Robin (D:3)
  4 adders
  A dart slug (D:4)
  2 orcs
  3 bats (D:2)
  6 endoplasms
  3 giant cockroaches
  15 goblins
  5 hobgoblins
  4 jackals (D:3)
  5 kobolds
  4 quokkas
  6 ball pythons
  4 frilled lizards
  4 rats
79 creatures vanquished.

Notes
Turn   | Place    | Note
-------+----------+-------------------------------------------
     0 | D:1      | qw the Gargoyle Fighter began the quest for the Orb.
     0 | D:1      | Reached XP level 1. HP: 14/14 MP: 1/1
     0 | D:1      | 0 ||| qw: Version: 0.2-a-19-gadd0ef8
     0 | D:1      | 0 ||| qw: Game counter: 8
     0 | D:1      | 0 ||| qw: Always use a shield: true
     0 | D:1      | 0 ||| qw: God list: Okawaru
     0 | D:1      | 0 ||| qw: Allow faded altars: false
     0 | D:1      | 0 ||| qw: Do Orc after D:15 true
     0 | D:1      | 0 ||| qw: Do second Lair branch before Depths: true
     0 | D:1      | 0 ||| qw: Lair rune preference: random
     0 | D:1      | 0 ||| qw: Plans: Normal, Zot:1-4, God:TSO, Crypt, Tomb,
                  | Pan, Slime:5, Hells, Abyss, Orb
     0 | D:1      | 0 ||| PLANNING D:1-11
   296 | D:1      | Reached XP level 2. HP: 19/19 MP: 2/2
   882 | D:1      | 882 ||| UPGRADING to ring of protection from cold.
   883 | D:1      | 883 ||| READING 2 scrolls labelled WAGUIL HEWI.
  1041 | D:2      | Noticed Natasha
  1042 | D:2      | 1042 ||| Stepping ~*~*~tactically~*~*~ (hiding).
  1043 | D:2      | 1043 ||| Stepping ~*~*~tactically~*~*~ (hiding).
  1044 | D:2      | 1044 ||| FLEEEEING.
  1056 | D:2      | HP: 3/19 [Natasha (3)]
  1059 | D:2      | Killed Natasha
  1060 | D:2      | Reached skill level 3 in Axes
  1060 | D:2      | Reached XP level 3. HP: 3/23 MP: 3/3
  1293 | D:2      | Noticed Natasha
  1301 | D:2      | Killed Natasha
  1302 | D:2      | Reached XP level 4. HP: 26/28 MP: 4/4
  1342 | D:2      | Noticed Natasha
  1343 | D:2      | 1343 ||| Stepping ~*~*~tactically~*~*~ (stealth).
  1422 | D:2      | 1422 ||| Stepping ~*~*~tactically~*~*~ (hiding).
  1439 | D:2      | Killed Natasha
  1701 | D:2      | 1701 ||| UPGRADING to +2 ring mail of willpower.
  1711 | D:2      | 1711 ||| DROPPING +0 scale mail.
  1712 | D:2      | 1712 ||| UPGRADING to +4 ring of evasion.
  1713 | D:2      | 1713 ||| READING scroll labelled VORYPH WEINK.
  1714 | D:2      | 1714 ||| DRINKING 2 glowing blue potions.
  1749 | D:2      | 1749 ||| READING 2 scrolls of identify.
  1749 | D:2      | 1749 ||| IDENTIFYING green potion
  1750 | D:2      | 1750 ||| DROPPING potion of flight.
  1775 | D:3      | Noticed a +0 falchion
  1775 | D:3      | Noticed a +0 short sword
  1775 | D:3      | Noticed a +0 dagger
  1775 | D:3      | Noticed Terence
  1776 | D:3      | 1776 ||| Stepping ~*~*~tactically~*~*~ (hiding).
  1776 | D:3      | Noticed a +0 spear
  1776 | D:3      | Noticed a +0 spear
  1776 | D:3      | Noticed a +0 dagger
  1776 | D:3      | Noticed a +0 falchion
  1780 | D:3      | Noticed a +0 short sword
  1784 | D:3      | Killed Terence
  1785 | D:3      | Reached XP level 5. HP: 32/32 MP: 5/5
  1789 | D:3      | Noticed Robin
  1790 | D:3      | 1790 ||| Stepping ~*~*~tactically~*~*~ (hiding).
  1795 | D:3      | 1795 ||| Stepping ~*~*~tactically~*~*~ (hiding).
  1813 | D:3      | Killed Robin
  1855 | D:3      | Noticed Grinder
  1864 | D:3      | 1864 ||| FLEEEEING.
  1865 | D:3      | 1865 ||| FLEEEEING.
  1882 | D:3      | 1882 ||| FLEEEEING.
  1883 | D:3      | 1883 ||| STAIRDANCE
  1903 | D:2      | 1903 ||| UPGRADING to +2 helmet.
  1911 | D:3      | 1911 ||| Stepping ~*~*~tactically~*~*~ (hiding).
  1922 | D:3      | Killed Grinder
  1923 | D:3      | Reached skill level 3 in Dodging
  1923 | D:3      | Reached XP level 6. HP: 37/37 MP: 6/6
  1942 | D:3      | Found a hide-covered altar of Uskayaw.
  2059 | D:3      | Found a basalt altar of Yredelemnul.
  2080 | D:3      | 2080 ||| Stepping ~*~*~tactically~*~*~ (stealth).
  2081 | D:3      | 2081 ||| Stepping ~*~*~tactically~*~*~ (stealth).
  2143 | D:3      | 2143 ||| Stepping ~*~*~tactically~*~*~ (stealth).
  2151 | D:3      | 2151 ||| Stepping ~*~*~tactically~*~*~ (stealth).
  2211 | D:3      | Found a sparkling altar of Nemelex Xobeh.
  2386 | D:3      | Found a runed translucent door.
  2387 | D:3      | Noticed Crazy Yiuf
  2738 | D:3      | 2738 ||| DROPPING amulet of faith.
  2739 | D:3      | 2739 ||| READING scroll labelled EPSUCE GIEJO.
  2759 | D:3      | 2759 ||| DRINKING 2 murky silvery potions.
  2803 | D:4      | 2803 ||| DROPPING +0 club.
  3194 | D:4      | 3194 ||| Stepping ~*~*~tactically~*~*~ (stealth).
  3195 | D:4      | 3195 ||| Stepping ~*~*~tactically~*~*~ (stealth).
  3315 | D:4      | Noticed Pikel
  3316 | D:4      | 3316 ||| Stepping ~*~*~tactically~*~*~ (hiding).
  3335 | D:4      | HP: 9/38 [Pikel/+0 whip of flaming (4)]
  3340 | D:4      | HP: 9/38 [Pikel/+0 whip of flaming (1)]
  3347 | D:4      | Killed Pikel
  3348 | D:4      | Reached skill level 7 in Fighting
  3348 | D:4      | Reached XP level 7. HP: 11/48 MP: 7/7
  3348 | D:4      | Reached XP level 8. HP: 12/53 MP: 8/8
  3492 | D:4      | 3492 ||| DROPPING +0 mace.
  3786 | D:4      | 3786 ||| DRINKING 2 white potions.
  3787 | D:4      | 3787 ||| DROPPING potion of degeneration.
  3810 | D:5      | Entered Level 5 of the Dungeon
  3993 | D:5      | HP: 11/53 [killer bee (5)]
  3998 | D:5      | Reached skill level 6 in Axes
  3998 | D:5      | HP: 1/53 [killer bee (7)]
  3999 | D:5      | Slain by a killer bee

Levels and vault maps discovered:
D:1:      elethiomel_arrival_infinity_welcomes_careful_drivers, layout_basic
D:2:      layout_basic, uniq_natasha
D:3:      layout_basic, mainiacjoe_overflow_alcove_4,
          mainiacjoe_overflow_chevrons, nicolae_uskayaw_en_pointe, uniq_grinder,
          uniq_terence, uniq_robin, uniq_crazy_yiuf_cottage
D:4:      layout_loops_corners, hex_tiny, uniq_pikel
D:5:      layout_basic, lemuel_crystal_altar, slow_altar_1, kennysheep_doodads

Skill      XL: |  1  2  3  4  5  6  7  8 |
---------------+-------------------------+-----
Axes           | 2 3 4 5 6 |  6.1
Dodging        | 3 |  3.1
Fighting       | 7 |  7.2
Armour         | |  3.2
Shields        | |  3.2

Action                   |  1- 3 |  4- 6 |  7- 9 || total
-------------------------+-------+-------+-------++-------
Melee: War axe           |    61 |   196 |    75 ||   332
  Use: Scroll            |     1 |     3 |       ||     4
       Potion            |       |     2 |     1 ||     3
Armor: Scale mail        |    19 |    13 |       ||    32
       Ring mail         |       |    61 |    50 ||   111
Dodge: Dodged            |    15 |   130 |   111 ||   256
Block: Buckler           |    16 |    29 |    22 ||    67

Table legend:
 A = Non-vault XP
 B = Vault XP
 C = Vault XP percentage of total XP
 D = Non-vault monster count
 E = Vault monster count
 F = Vault count percentage of total count
                 A         B        C        D         E       F
            +---------+---------+-------+---------+---------+-------
      Total |     576 |    1048 |  64.5 |      63 |      16 |  20.3
            +---------+---------+-------+---------+---------+-------
        D:1 |      19 |       0 |   0.0 |      12 |       0 |   0.0
        D:2 |      95 |      36 |  27.5 |      13 |       1 |   7.1
        D:3 |      31 |     349 |  91.8 |      18 |      14 |  43.8
        D:4 |     176 |     663 |  79.0 |      14 |       1 |   6.7
        D:5 |     255 |       0 |   0.0 |       6 |       0 |   0.0
            +---------+---------+-------+---------+---------+-------
